 Dungeon Crawl Stone Soup version 0.23.2 (webtiles) character file.

Game seed: 10683600497404330692

381 dvd the Chopper (level 6, -2/59 HPs)
             Began as a Troll Gladiator on Apr 2, 2019.
             Slain by a gnoll
             ... wielding a +0 spear
              (3 damage)
             ... on level 3 of the Dungeon.
             The game lasted 00:03:43 (1816 turns).

dvd the Chopper (Troll Gladiator)                   Turns: 1816, Time: 00:03:44

Health: -2/59      AC:  6    Str: 24    XL:     6   Next: 46%
Magic:  5/5        EV: 11    Int:  4    God:
Gold:   164        SH:  0    Dex: 12    Spells: 5/5 levels left

rFire    . . .     SeeInvis .   a - +0 war axe
rCold    . . .     Gourm    +   (no shield)
rNeg     . . .     Faith    .   b - +0 robe
rPois    .         Spirit   .   c - +0 hat
rElec    .         Reflect  .   (no cloak)
rCorr    .         Harm     .   (gloves unavailable)
MR       .....                  (boots unavailable)
Stlth    +.........             (no amulet)
HPRegen  0.59/turn              (no ring)
MPRegen  0.09/turn              (no ring)

@: no status effects
A: large, unfitting armour, claws 3, fast metabolism 3, gourmand, regeneration
1, shaggy fur 1, tough skin 3
a: no special abilities


You were on level 3 of the Dungeon.
You were completely stuffed.

You visited 1 branch of the dungeon, and saw 3 of its levels.

You collected 164 gold pieces.

Inventory:

Hand Weapons
 a - a +0 war axe (weapon)
 h - a +1 whip of draining
Missiles
 d - 2 throwing nets (quivered)
Armour
 b - a +0 robe (worn)
 c - a +0 hat (worn)
Jewellery
 l - an uncursed ring of fire
Wands
 n - a wand of paralysis (7)
Scrolls
 e - 2 scrolls of magic mapping {unknown}
 g - a scroll of teleportation {unknown}
 i - a scroll of noise {unknown}
 j - 2 scrolls of remove curse {unknown}
 k - a scroll of enchant armour {unknown}
 o - 5 scrolls of identify {unknown}
 p - a scroll of enchant weapon {unknown}
 q - a scroll of blinking {unknown}
 r - a scroll of immolation {unknown}
Potions
 s - a potion of lignification {unknown}
Comestibles
 f - 5 rations
 m - 6 chunks of flesh


   Skills:
 + Level 2.5 Fighting
 + Level 4.9 Axes
 + Level 1.9 Throwing
 + Level 3.5 Dodging
 + Level 0.4 Stealth


You had 5 spell levels left.
You didn't know any spells.
Your spell library was empty.

Dungeon Overview and Level Annotations

Branches:
Dungeon (3/15)

Altars:


Innate Abilities, Weirdness & Mutations

You are too large for most types of armour.
You have claws for hands.
Your metabolism is lightning-fast.
You like to eat raw meat.
Your natural rate of healing is unusually fast.
You are covered in fur. (AC +1)
You have extremely tough skin. (AC +3)


Message History

The gnoll hits you from afar with a +0 spear.
The gnoll hits you with a +0 halberd. The gnoll misses you.
You barely miss the gnoll. You hit the gnoll.
The gnoll hits you from afar with a +0 spear.
The gnoll hits you with a +0 halberd. The gnoll hits you but does no damage.
The gnoll hits you from afar with a +0 spear.
You closely miss the gnoll. You hit the gnoll but do no damage.
The gnoll hits you with a +0 spear. The gnoll hits you with a +0 halberd!
* * * LOW HITPOINT WARNING * * *
The gnoll barely misses you.
You closely miss the gnoll. You hit the gnoll.
The gnoll hits you with a +0 spear.
* * * LOW HITPOINT WARNING * * *
The gnoll closely misses you. The gnoll hits you with a +0 halberd.
* * * LOW HITPOINT WARNING * * *
You closely miss the gnoll. You hit the gnoll.
The gnoll hits you with a +0 spear.
* * * LOW HITPOINT WARNING * * *
The gnoll hits you from afar with a +0 spear.
You die...

#..# #..# #..# .##
#..# ....
########..#...(.
######..........####
#....................
#....................
#....g@.........#####
#.....g.........#
#....g..........#
#......##########
#......# #......#
########


You could see 3 gnolls.

Vanquished Creatures
  Sigmund (D:2)
  A centaur (D:2)
  A crimson imp (D:3)
  2 adders (D:2)
  2 oozes
  2 worms (D:2)
  3 dart slugs
  6 leopard geckos
  An orc (D:2)
  2 giant cockroaches
  7 goblins
  5 hobgoblins
  6 jackals
  A quokka (D:2)
  A ball python (D:1)
  6 bats
  2 frilled lizards
  10 kobolds
  10 rats
69 creatures vanquished.

Notes
Turn   | Place    | Note
-------+----------+-------------------------------------------
     0 | D:1      | dvd the Troll Gladiator began the quest for the Orb.
     0 | D:1      | Reached XP level 1. HP: 19/19 MP: 0/0
    47 | D:1      | Reached XP level 2. HP: 23/28 MP: 1/1
   263 | D:1      | Reached skill level 3 in Axes
   385 | D:1      | Reached XP level 3. HP: 35/35 MP: 2/2
   727 | D:2      | Noticed a centaur
   739 | D:2      | Killed a centaur
   739 | D:2      | Reached XP level 4. HP: 34/42 MP: 3/3
   885 | D:2      | Reached XP level 5. HP: 47/49 MP: 4/4
  1137 | D:2      | Reached skill level 4 in Axes
  1193 | D:2      | Noticed Sigmund
  1204 | D:2      | Killed Sigmund
  1204 | D:2      | Reached XP level 6. HP: 45/59 MP: 5/5
  1816 | D:3      | HP: 1/59 [gnoll/+0 spear (5)]
  1816 | D:3      | Slain by a gnoll

Skill      XL: |  1  2  3  4  5 |
---------------+----------------+-----
Axes           | 3 4 |  4.9
Fighting       | 2 |  2.5
Dodging        | 3 |  3.5
Throwing       | |  1.9
Stealth        | |  0.4

Action                   |  1- 3 |  4- 6 || total
-------------------------+-------+-------++-------
Melee: War axe           |    98 |    81 ||   179
Throw: Throwing net      |       |     2 ||     2
 Stab: Held in net/web   |       |     1 ||     1
       Sleeping          |       |     1 ||     1
  Eat: Chunk             |    13 |    10 ||    23
Armor: Robe              |    50 |    35 ||    85
Dodge: Dodged            |    79 |    73 ||   152
